 Dungeon Crawl Stone Soup version 0.29.1-15-g9cfb28693d (webtiles) character file.

Game seed: 1962479980064346338

72 zeram the Trooper (level 4, -4/41 HPs)
             Began as a Hill Orc Fighter on Apr 10, 2023.
             Succumbed to Ijyb's poison
             ... on level 3 of the Dungeon.
             The game lasted 00:03:34 (1698 turns).

zeram the Trooper (Hill Orc Fighter)                Turns: 1698, Time: 00:03:35

Health: -4/41      AC:  7    Str: 17 (20) XL:     4   Next: 25%
Magic:  4/4        EV:  9    Int:  5 (8)  God:
Gold:   118        SH:  4    Dex:  7 (10) Spells: 3/3 levels left

rFire   . . .      SeeInvis .   a - +0 war axe
rCold   . . .      Faith    .   c - +0 buckler
rNeg    . . .      Spirit   .   b - +0 scale mail
rPois   .          Reflect  .   (no helmet)
rElec   .          Harm     .   (no cloak)
rCorr   .          Rampage  .   (no gloves)
Will    .....                   (no boots)
Stlth   ..........              (no amulet)
HPRegen 0.13/turn               (no ring)
MPRegen 0.09/turn               (no ring)

@: brilliant, lethally poisoned (-4 -> -21), attractive
A: no striking features
a: no special abilities


You were on level 3 of the Dungeon.
You visited 1 branch of the dungeon, and saw 3 of its levels.

You collected 118 gold pieces.

Inventory:

Hand Weapons
 a - a +0 war axe (weapon)
Armour
 b - a +0 scale mail (worn)
 c - a +0 buckler (worn)
Wands
 n - a wand of iceblast (5)
Scrolls
 e - 2 scrolls of butterflies
 g - 2 scrolls of identify
 i - 3 scrolls of enchant armour
 j - a scroll of vulnerability {unknown}
 l - a scroll of teleportation
Potions
 d - 2 potions of might


   Skills:
 + Level 4.3 Fighting
 + Level 4.1 Axes
 + Level 4.0 Armour
 + Level 0.2 Dodging
 + Level 3.5 Shields


You had 3 spell levels left.
You didn't know any spells.
Your spell library was empty.

Dungeon Overview and Level Annotations

Branches:
Dungeon (3/15)

Altars:
Sif Muna

Shops:
D:2 *(*:*

Annotations:
D:3 Ijyb


Message History

It was a potion of degeneration.
There was something very wrong with that liquid.
You feel weakened.
You feel dopey.
You feel clumsy.
* * * LOW HITPOINT WARNING * * *
You feel very sick. Ijyb hits you but does no damage.
You are more poisoned.
It was a potion of curing.
You feel better.
Ijyb hits you with a +0 dagger of venom.
You are poisoned.
You barely miss Ijyb.
Ijyb is heavily wounded.
* * * LOW HITPOINT WARNING * * *
You feel very sick. You block Ijyb's attack.
Unknown command.
You hit Ijyb but do no damage.
Ijyb is heavily wounded.
You feel sick. Ijyb hits you but does no damage.
Unknown command.
You closely miss Ijyb.
Ijyb is heavily wounded.
You feel sick.
Ijyb hits you with a +0 dagger of venom.
* * * LOW HITPOINT WARNING * * *
Unknown command.
It was a potion of attraction.
You feel attractive to monsters.
* * * LOW HITPOINT WARNING * * *
You feel sick. Ijyb hits you but does no damage.
You are more poisoned.
It was a potion of brilliance.
You feel clever all of a sudden.
* * * LOW HITPOINT WARNING * * *
You feel very sick. Ijyb hits you but does no damage.
You are more poisoned.
You closely miss Ijyb.
Ijyb is heavily wounded.
You die...

#.##### #..g@.## #####..#
##.## #..# ##.# ###
######### #####.#
..###.......###.....#
.#.#.#.....#.#.#....##
#..#..#...#..#..#....####


You could see Ijyb.

Vanquished Creatures
  2 adders
  2 dart slugs
  7 endoplasms
  2 giant cockroaches (D:2)
  A goblin (D:3)
  5 hobgoblins
  4 quokkas
  6 ball pythons
  A bat (D:3)
  3 frilled lizards (D:1)
  9 kobolds
  7 rats (D:2)
49 creatures vanquished.

Vanquished Creatures (others)
  26 plants (D:1)
26 creatures vanquished.

Grand Total: 75 creatures vanquished

Notes
Turn   | Place    | Note
-------+----------+-------------------------------------------
     0 | D:1      | zeram the Hill Orc Fighter began the quest for the Orb.
     0 | D:1      | Reached XP level 1. HP: 19/19 MP: 1/1
   207 | D:1      | Reached XP level 2. HP: 22/27 MP: 2/2
   815 | D:2      | Reached XP level 3. HP: 28/33 MP: 3/3
  1003 | D:2      | Found Maamid's Antique Weapon Shop.
  1035 | D:2      | Found Ywiapijy's General Store.
  1158 | D:2      | Found a shimmering blue altar of Sif Muna.
  1253 | D:2      | Found Ruighel's Book Shoppe.
  1286 | D:2      | Found Qenlod's General Store.
  1301 | D:2      | Found Tibatiy's General Store.
  1458 | D:2      | Reached XP level 4. HP: 40/40 MP: 4/4
  1682 | D:3      | Noticed Ijyb
  1688 | D:3      | Paralysed by Ijyb for 3 turns
  1697 | D:3      | HP: 1/41 [poisoned by Ijyb]
  1698 | D:3      | Succumbed to Ijyb's poison

Illustrated notes

Levels and vault maps discovered:
D:1:      onia_arrival_mini_maze_b, layout_rooms, serial_bayou_lagoon_a
D:2:      layout_rooms, basic_altar, serial_shops, nicolae_shop_hallway_plus,
          shop_statue, nicolae_shop_behind_doors, shop, nicolae_shop_waterfront,
          minmay_heptomino_l4
D:3:      layout_rooms, grunt_gozag_statues, serial_shops, nicolae_diamond_shop,
          gammafunk_ghost_stat_death,
          dreamdust_ecumenical_altar_hidden_monk_grotto,
          hangedman_decor_diamond_cutter, uniq_ijyb, uniq_jessica, uniq_robin

Skill      XL: |  1  2  3  4 |
---------------+-------------+-----
Axes           | 3 4 |  4.1
Fighting       | 4 |  4.3
Armour         | 4 |  4.0
Dodging        | |  0.2
Shields        | |  3.5

Action                   |  1- 3 |  4- 6 || total
-------------------------+-------+-------++-------
Melee: War axe           |   132 |    32 ||   164
  Use: Scroll            |     4 |       ||     4
       Potion            |       |     4 ||     4
Armor: Scale mail        |    51 |    14 ||    65
Dodge: Dodged            |    55 |    20 ||    75
Block: Buckler           |    24 |     7 ||    31
